 Dungeon Crawl Stone Soup version 0.25.1-3-ge44b62a0b3 (webtiles) character file.

Game seed: 18317251967733781331

326 DogServant the Covert (level 6, -2/46 HPs)
             Began as a Vampire Assassin on Nov 22, 2020.
             Slain by a centaur (4 damage)
             ... on level 5 of the Dungeon.
             The game lasted 00:06:00 (2679 turns).

DogServant the Covert (Vampire Assassin)            Turns: 2679, Time: 00:06:01

Health: -2/46      AC:  5    Str: 11    XL:     6   Next: 24%
Magic:  6/6        EV: 13    Int: 13    God:
Gold:   124        SH:  5    Dex: 17    Spells: 5/5 levels left

rFire    + . .     SeeInvis +   y - +0 dagger (speed)
rCold    . . .     Gourm    .   (no shield)
rNeg     . . .     Faith    .   b - +0 robe
rPois    .         Spirit   .   (no helmet)
rElec    .         Reflect  +   t - +1 cloak
rCorr    .         Harm     .   (no gloves)
MR       .....                  f - +0 pair of boots
Stlth    ++++......             u - amulet of reflection
HPRegen  0.35/turn              p - ring of protection from fire
MPRegen  0.10/turn              (no ring)

@: regenerating quickly
A: no food, fangs 3, see invisible, unbreathing
a: Exsanguinate


You were on level 5 of the Dungeon.
You were alive.

You visited 1 branch of the dungeon, and saw 5 of its levels.

You collected 124 gold pieces.

Inventory:

Hand Weapons
 a - a +2 dagger
 y - a +0 dagger of speed (weapon)
Missiles
 d - 30 poisoned darts (quivered)
 k - a throwing net
Armour
 b - a +0 robe (worn)
 c - a +0 cloak
 f - a +0 pair of boots (worn)
 t - a +1 cloak (worn)
Jewellery
 p - a ring of protection from fire (left hand)
 u - an amulet of reflection (around neck)
Scrolls
 g - a scroll of teleportation
 j - 3 scrolls of identify
 l - a scroll of remove curse
 n - a scroll of fog {unknown}
 q - 2 scrolls of amnesia {unknown}
 v - a scroll of magic mapping {unknown}
 w - a scroll of fear {unknown}
 x - a scroll of enchant armour {unknown}
Potions
 h - a potion of resistance
 i - a potion of invisibility {unknown}
 m - 2 potions of curing {unknown}
 o - 3 potions of lignification {unknown}
 r - 2 potions of haste {unknown}
 s - a potion of degeneration {unknown}


   Skills:
 + Level 2.8 Fighting
 + Level 4.6 Short Blades
 - Level 1.5 Throwing
 + Level 2.9 Dodging
 + Level 8.2 Stealth


You had 5 spell levels left.
You didn't know any spells.
Your spell library was empty.

Dungeon Overview and Level Annotations

Branches:
Dungeon (4/15)
 Temple: D:4-7

Altars:
Fedhas
Makhleb


Innate Abilities, Weirdness & Mutations

You do not eat.
Your natural rate of healing is unusually fast.
You have razor-sharp teeth.
You have supernaturally acute eyesight. (SInv)
You can survive without breathing.


Message History

The adder moves out of view.
You fall into a shaft and drop 1 floor!
The shaft crumbles and collapses.
Found a ring mail. 2 jackals, a scorpion, a centaur and a skeleton come into view.
The leopard gecko skeleton moves out of view.
The jackal moves out of view.
The centaur shouts!
The centaur hits you but does no damage.
You block the centaur's attack.
The jackal barks!
You hit the centaur but do no damage.
You hear a bark!
The centaur closely misses you.
You hit the centaur but do no damage. You hit the centaur but do no damage.
The centaur barely misses you.
You hit the centaur but do no damage. The centaur hits you!
* * * LOW HITPOINT WARNING * * *
You hit the centaur but do no damage. The centaur hits you.
You die...

#. ..[....# #.#
......# #..
......#
#.###.....#..
#..##.......#
##...h.......
####............
#....c..........
#.##s@..........
#####..#.#...
#..#.# .. #.....
. #.#..#. .##...
...


You could see a centaur, a scorpion and a jackal.

Vanquished Creatures
  An ogre (D:4)
  Crazy Yiuf (D:2)
  2 iguanas (D:4)
  A gnoll shaman (D:4)
  A worker ant (D:3)
  3 adders
  2 gnolls (D:4)
  2 worms
  5 dart slugs
  A leopard gecko (D:3)
  6 bats
  A giant cockroach (D:2)
  6 goblins
  3 hobgoblins
  8 jackals
  A ball python (D:1)
  3 frilled lizards (D:2)
  5 kobolds
  5 rats
57 creatures vanquished.

Notes
Turn   | Place    | Note
-------+----------+-------------------------------------------
     0 | D:1      | DogServant the Vampire Assassin began the quest for the
                  | Orb.
     0 | D:1      | Reached XP level 1. HP: 16/16 MP: 1/1
    91 | D:1      | Reached skill level 6 in Stealth
   160 | D:1      | Reached XP level 2. HP: 22/22 MP: 2/2
   734 | D:2      | Reached XP level 3. HP: 27/27 MP: 3/3
   853 | D:2      | Reached skill level 7 in Stealth
   924 | D:2      | Found a blossoming altar of Fedhas.
  1250 | D:2      | Found a runed translucent door.
  1251 | D:2      | Noticed Crazy Yiuf
  1334 | D:2      | Killed Crazy Yiuf
  1334 | D:2      | Reached XP level 4. HP: 33/33 MP: 4/4
  1767 | D:3      | Found a burning altar of Makhleb.
  2323 | D:4      | Noticed an ogre
  2325 | D:4      | Killed an ogre
  2325 | D:4      | Reached XP level 5. HP: 39/39 MP: 5/5
  2344 | D:4      | Reached skill level 8 in Stealth
  2373 | D:4      | Reached XP level 6. HP: 42/46 MP: 6/6
  2671 | D:4      | You fall into a shaft and drop 1 floor!
  2671 | D:5      | Entered Level 5 of the Dungeon
  2678 | D:5      | HP: 1/46 [centaur (8)]
  2679 | D:5      | Slain by a centaur

Illustrated notes

Levels and vault maps discovered:
D:1:      psy_arrival_wood_between_worlds, layout_loops_ring
D:2:      layout_basic, fedhas_altar_fruit_tree, uniq_crazy_yiuf_cottage
D:3:      layout_loops_cross, lemuel_crystal_altar, dk_noncrumbling_4
D:4:      minmay_chambers_of_fours, layout_cave_pools
D:5:      layout_rooms, nicolae_overflow_crystal_walls, lemuel_crystal_altar,
          first_ration, minmay_misc_feat_four_crosses, moated_statue

Skill      XL: |  1  2  3  4  5 |
---------------+----------------+-----
Stealth        | 6 7 8 |  8.2
Short Blades   | 3 4 |  4.6
Fighting       | 2 |  2.8
Dodging        | 2 |  2.9
Throwing       | |  1.5

Action                   |  1- 3 |  4- 6 || total
-------------------------+-------+-------++-------
Melee: Dagger            |    68 |   108 ||   176
       Bite              |     5 |    16 ||    21
Throw: Dart              |       |    17 ||    17
  Use: Scroll            |       |     3 ||     3
 Stab: Sleeping          |    20 |     9 ||    29
Armor: Robe              |    15 |    21 ||    36
Dodge: Dodged            |    43 |    46 ||    89
Block: Other             |       |    20 ||    20
